 Dungeon Crawl Stone Soup version 0.29-a0-925-g0a7a3d12f8 (webtiles) character file.

Game seed: 1918438783711669762

19111 IdlyInterested the Bludgeoner (level 12, -2/154 HPs)
             Began as a Demonspawn Gladiator on July 28, 2022.
             Killed by Olgreb's Toxic Radiance
             ... invoked by Pegaph's ghost
              (6 damage)
             ... on level 2 of the Lair of Beasts.
             The game lasted 00:38:53 (10910 turns).

IdlyInterested the Bludgeoner (DsGl)               Turns: 10910, Time: 00:38:53

Health: -2/154     AC: 19    Str: 20    XL:     12   Next: 33%
Magic:  6/12       EV: 10    Int: 10    God:
Gold:   373        SH:  0    Dex: 14    Spells: 11/11 levels left

rFire   + + .      SeeInvis .   n - +1 demon whip (venom)
rCold   . . .      Faith    .   (no shield)
rNeg    . . .      Spirit   .   y - +3 chain mail {Will+}
rPois   .          Reflect  .   I - +1 helmet
rElec   .          Harm     .   (no cloak)
rCorr   +          Rampage  .   w - +3 pair of gloves of Vyafituo {rF+}
Will    +....                   (no boots)
Stlth   ..........              t - amulet of regeneration
HPRegen 1.15/turn               m - ring of resist corrosion
MPRegen 0.13/turn               v - ring of protection from fire

@: berserking, lethally poisoned (-2 -> -5), very quick
A: hooves 2, foul stench 2, robust 1, spiny 2, sturdy frame 2
a: no special abilities


You were on level 2 of the Lair of Beasts.
You visited 3 branches of the dungeon, and saw 12 of its levels.

You collected 538 gold pieces.
You spent 165 gold pieces at shops.

Inventory:

Hand Weapons
 i - the +3 whip "Zarre" {venom, rF+ Int+2}
   (You found it on level 4 of the Dungeon)

   It poisons the flesh of those it strikes.
   Int:       It affects your intelligence (+2).
   rF:        It protects you from fire.
 n - a +1 demon whip of venom (weapon)
 s - a +0 whip of electrocution
 B - a +1 morningstar
 G - the +7 short sword of Divemp {freeze, rPois}
   (You found it on level 5 of the Dungeon)

   It freezes those it strikes, dealing additional cold damage.
   It can also slow down cold-blooded creatures.
   rPois:     It protects you from poison.
 O - the +9 flail of Evil {vorpal, Str+4 Int-3}
   (You found it on level 1 of the Lair of Beasts)

   It inflicts extra damage upon your enemies.
   Str:       It affects your strength (+4).
   Int:       It affects your intelligence (-3).
Missiles
 d - 6 throwing nets
 e - 6 javelins
 x - 15 poisoned darts (quivered)
Armour
 w - the +3 pair of gloves of Vyafituo (worn) {rF+}
   (You acquired it on level 5 of the Dungeon)

   rF:        It protects you from fire.
 y - a +3 chain mail of willpower (worn)
 I - a +1 helmet (worn)
 Q - a +2 ring mail of cold resistance
Magical Staves
 P - a staff of death
Jewellery
 m - a ring of resist corrosion (left hand)
 t - an amulet of regeneration (around neck)
 v - a ring of protection from fire (right hand)
 A - an amulet of magic regeneration
 D - a ring of see invisible
Wands
 b - a wand of flame (59)
 c - a wand of polymorph (7)
 u - a wand of light (32)
 z - a wand of mindburst (6)
 N - a wand of charming (4)
Scrolls
 a - a scroll of magic mapping
 l - 4 scrolls of fear
 E - a scroll of butterflies
 H - 9 scrolls of teleportation
 J - 2 scrolls of enchant armour
 M - 2 scrolls of enchant weapon
 R - a scroll of blinking
Potions
 f - 3 potions of ambrosia
 g - 3 potions of lignification
 h - 3 potions of brilliance
 j - 2 potions of attraction
 k - 3 potions of resistance
 o - a potion of flight
 p - a potion of invisibility
 q - a potion of heal wounds
 r - 4 potions of curing
 C - a potion of cancellation
 F - a potion of mutation
 S - a potion of magic


   Skills:
 + Level 8.4 Fighting
 + Level 16.3 Maces & Flails
 - Level 2.0 Throwing
 * Level 5.2 Armour
 - Level 3.0 Dodging
 - Level 1.0 Stealth
 - Level 1.0 Evocations


You had 11 spell levels left.
You didn't know any spells.
Your spell library contained the following spells:

 Spells                   Type           Power      Damage    Failure   Level
 Call Canine Familiar     Summ           0%         N/A       98%         3
 Dazzling Flash           Conj/Hex       0%         N/A       98%         3
 Gell's Gravitas          Tloc           0%         N/A       98%         3
 Portal Projectile        Hex/Tloc       0%         N/A       98%         3
 Teleport Other           Tloc           0%         N/A       98%         3
 Iskenderun's Mystic Bla  Conj/Tloc      0%         2d3       100%        4
 Leda's Liquefaction      Hex/Erth       0%         N/A       100%        4
 Fireball                 Conj/Fire      0%         3d3       100%        5
 Iskenderun's Battlesphe  Conj           0%         2d6       100%        5
 Conjure Ball Lightning   Conj/Air       0%         3x3d6     100%        6
 Dispersal                Tloc           0%         N/A       100%        6
 Starburst                Conj/Fire      0%         6d3       100%        6
 Orb of Destruction       Conj           0%         9d5       100%        7


Dungeon Overview and Level Annotations

Branches:
Dungeon (9/15)             Temple (1/1) D:5            Lair (2/5) D:9
 Shoals (0/4) Lair:2
  Snake: Lair:2-3    Spider: Lair:2-3       Orc: D:9-12

Altars:
Ashenzari
Cheibriados
Dithmenos
Fedhas
Gozag
Hepliaklqana
Kikubaaqudgha
Makhleb
Nemelex Xobeh
Okawaru
Qazlal
Ru
Sif Muna
Trog
Uskayaw
Vehumet
Wu Jian
Xom
Yredelemnul

Shops:
D:2 (   D:4 =

Annotations:
Lair:2 1 transporter, Pegaph's ghost, journeyman PaAM


Innate Abilities, Weirdness & Mutations

You have hoof-like feet.
You sometimes emit foul miasma when damaged in melee.
You are robust. (+10% HP)
You are mostly covered in sharp spines.
Your movements are less encumbered by armour. (ER -4)


Message History

You feel sick.
You completely miss Pegaph's ghost. Your kick misses Pegaph's ghost.
Pegaph's ghost is lightly damaged.
You feel sick.
* * * LOW HITPOINT WARNING * * *
You are more poisoned.
Pegaph's ghost hits you but does no damage.
You closely miss Pegaph's ghost. You kick Pegaph's ghost.
Pegaph's ghost is lightly damaged.
You feel sick.
The spriggan rider hits you from afar with a +1 trident of flaming!
* * * LOW HITPOINT WARNING * * *
The spriggan rider burns you.
* * * LOW HITPOINT WARNING * * *
You hit Pegaph's ghost.
You kick Pegaph's ghost, but do no damage.
Pegaph's ghost is moderately damaged.
You feel sick.
You hit Pegaph's ghost but do no damage.
You kick Pegaph's ghost.
Pegaph's ghost is moderately damaged.
You feel sick.
* * * LOW HITPOINT WARNING * * *
You are more poisoned.
Pegaph's ghost hits you but does no damage.
You are too berserk!
You hit Pegaph's ghost but do no damage.
You kick Pegaph's ghost, but do no damage.
Pegaph's ghost is moderately damaged.
* * * LOW HITPOINT WARNING * * *
You feel sick.
The spriggan rider hits you but does no damage.
You thrash Pegaph's ghost!!
Pegaph's ghost is moderately damaged.
* * * LOW HITPOINT WARNING * * *
You feel sick.
You hit Pegaph's ghost but do no damage.
Your kick misses Pegaph's ghost.
Pegaph's ghost is moderately damaged.
You die...

#.............#
#.............# #
##.............# #
#.....##.>...#.#### #
##....##.....#.##.#####
#P.[.####.........P##.###
##....###.....©.........#
#.....P.....#####.......#
###.........###W@)###.....#
##.........###i#.)..##....#
#..........#.i##i....#....#
..........##..#§#....##...#
..........#...#.......#...#
..........#....._.###.#...#
..........#..##).)≈ #.#..##
#.........####≈#..#####...#
#..........# ###...#
#...###


You could see a spriggan rider, 2 spriggans and Pegaph's ghost (toxic aura).

Vanquished Creatures
  Harold (Lair:1)
  The ghost of Newt the Carver, a journeyman HuBr of Gozag (Lair:1)
  A hydra (Lair:1)
  Amaemon (D:8)
  Pikel (D:9)
  A moth of wrath (Lair:2)
  6 black mambas
  An orange demon (D:8)
  3 komodo dragons
  2 cane toads (Lair:1)
  2 rime drakes (Lair:1)
  A kobold demonologist (D:9)
  A queen bee (D:9)
  A troll (D:8)
  Grinder (D:4)
  2 polar bears (Lair:1)
  A hornet (Lair:2)
  6 blink frogs (Lair:2)
  3 spriggans (Lair:2)
  A wraith (D:9)
  A wyvern (D:6)
  Eustachio (D:5)
  2 steam dragons
  19 yaks
  Menkaure (D:4)
  Edmund (D:6)
  An acid dragon (D:8)
  7 water moccasins
  An orc warrior (D:9)
  3 black bears
  2 ice beasts
  3 centaurs
  3 lemures (D:9)
  3 phantoms
  4 bullfrogs
  Blork the orc (D:4)
  6 scorpions
  A necrophage (D:5)
  2 wights (D:6)
  42 killer bees (D:9)
  2 electric eels (Lair:2)
  A gnoll bouda (D:6)
  3 jellies
  An orc priest (D:8)
  Ijyb (D:3)
  8 iguanas
  4 orc wizards
  11 gnolls
  8 adders
  A white imp (D:6)
  2 ufetubi
  3 worms
  4 dart slugs
  19 orcs
  6 ball pythons
  9 endoplasms
  6 giant cockroaches
  4 goblins
  6 hobgoblins
  2 jackals (D:5)
  7 kobolds
  2 quokkas
  7 bats
  3 frilled lizards (D:1)
  6 rats
267 creatures vanquished.

Vanquished Creatures (others)
  A human (D:8)
  A gnoll sergeant (D:8)
  A wight (D:6)
  A gnoll (D:8)
  An orc (D:6)
  A plant (Lair:1)
6 creatures vanquished.

Grand Total: 273 creatures vanquished

Notes
Turn   | Place    | Note
-------+----------+-------------------------------------------
     0 | D:1      | IdlyInterested the Demonspawn Gladiator began the quest for
                  | the Orb.
     0 | D:1      | Reached XP level 1. HP: 16/16 MP: 1/1
   212 | D:1      | Reached skill level 3 in Maces & Flails
   262 | D:1      | Gained mutation: You may rarely emit foul miasma when
                  | damaged in melee. [demonic ancestry]
   262 | D:1      | Reached XP level 2. HP: 22/22 MP: 2/2
   489 | D:1      | Reached skill level 1 in Evocations
  1117 | D:2      | Found a faded altar of an unknown god.
  1131 | D:2      | Gained mutation: You are partially covered in sharp spines.
                  | [demonic ancestry]
  1131 | D:2      | Reached XP level 3. HP: 12/27 MP: 3/3
  1501 | D:2      | Reached skill level 1 in Stealth
  1548 | D:2      | Noticed a scorpion
  1548 | D:2      | Found Vuten's Weapon Shop.
  1553 | D:2      | Killed a scorpion
  1554 | D:2      | Reached skill level 4 in Maces & Flails
  1554 | D:2      | Reached skill level 1 in Armour
  1554 | D:2      | Gained mutation: You have large cloven feet. [demonic
                  | ancestry]
  1554 | D:2      | Reached XP level 4. HP: 29/33 MP: 4/4
  1819 | D:2      | Reached XP level 5. HP: 34/38 MP: 5/5
  2142 | D:3      | Noticed Ijyb
  2147 | D:3      | Killed Ijyb
  2244 | D:3      | Found a radiant altar of Vehumet.
  2249 | D:3      | Found a stormy altar of Qazlal.
  2254 | D:3      | Reached skill level 5 in Maces & Flails
  2254 | D:3      | Found an iron altar of Okawaru.
  2254 | D:3      | Found a hide-covered altar of Uskayaw.
  2871 | D:3      | Found a sacrificial altar of Ru.
  2883 | D:3      | Found an opulent altar of Gozag.
  2977 | D:4      | Noticed Menkaure
  2983 | D:4      | Killed Menkaure
  2984 | D:4      | Reached skill level 6 in Maces & Flails
  2984 | D:4      | Gained mutation: Your movements are slightly less
                  | encumbered by armour. (ER -2) [demonic ancestry]
  2984 | D:4      | Reached XP level 6. HP: 25/44 MP: 6/6
  3228 | D:4      | Identified the +3 whip "Zarre" {venom, rF+ Int+2}
  3370 | D:4      | Noticed Grinder
  3382 | D:4      | Killed Grinder
  3383 | D:4      | Reached skill level 7 in Maces & Flails
  3383 | D:4      | Gained mutation: You are mostly covered in sharp spines.
                  | [demonic ancestry]
  3383 | D:4      | Reached XP level 7. HP: 43/50 MP: 7/7
  3536 | D:4      | Found Buxan's Jewellery Shoppe.
  3622 | D:4      | Noticed Blork the orc
  3629 | D:4      | Killed Blork the orc
  3845 | D:4      | Bought a ring of see invisible for 165 gold pieces
  3888 | D:5      | Entered Level 5 of the Dungeon
  3888 | D:5      | Noticed Eustachio
  3905 | D:5      | Killed Eustachio
  3906 | D:5      | Reached skill level 8 in Maces & Flails
  4019 | D:5      | Identified a scroll of acquirement
  4019 | D:5      | Acquired the +3 pair of gloves of Vyafituo {rF+}
  4038 | D:5      | Found a staircase to the Ecumenical Temple.
  4060 | Temple   | Entered the Ecumenical Temple
  4403 | D:5      | Identified the +7 short sword of Divemp {freeze, rPois}
  4435 | D:5      | Gained mutation: You have hoof-like feet. [demonic
                  | ancestry]
  4435 | D:5      | Reached XP level 8. HP: 57/57 MP: 8/8
  4612 | D:5      | Reached skill level 9 in Maces & Flails
  5199 | D:6      | Noticed Edmund
  5208 | D:6      | Killed Edmund
  5231 | D:6      | Reached skill level 10 in Maces & Flails
  5231 | D:6      | Gained mutation: Your movements are less encumbered by
                  | armour. (ER -4) [demonic ancestry]
  5231 | D:6      | Reached XP level 9. HP: 65/65 MP: 9/9
  6780 | D:8      | Found an ancient bone altar of Kikubaaqudgha.
  6840 | D:8      | Reached skill level 11 in Maces & Flails
  7080 | D:8      | Noticed a troll
  7090 | D:8      | Killed a troll
  7143 | D:8      | Noticed Amaemon
  7144 | D:8      | Noticed an orange demon
  7160 | D:8      | Killed Amaemon
  7161 | D:8      | Reached skill level 12 in Maces & Flails
  7164 | D:8      | Killed an orange demon
  7165 | D:8      | Gained mutation: You sometimes emit foul miasma when
                  | damaged in melee. [demonic ancestry]
  7165 | D:8      | Reached XP level 10. HP: 42/71 MP: 10/10
  7579 | D:9      | Found a staircase to the Lair.
  7660 | D:9      | Noticed Pikel
  7701 | D:9      | Killed Pikel
  7748 | D:9      | Reached skill level 13 in Maces & Flails
  7886 | D:9      | Reached skill level 14 in Maces & Flails
  8258 | D:9      | Reached XP level 11. HP: 77/77 MP: 11/11
  8341 | Lair:1   | Entered Level 1 of the Lair of Beasts
  8371 | Lair:1   | Identified the +9 flail of Evil {vorpal, Str+4 Int-3}
  8502 | Lair:1   | Noticed a six-headed hydra
  8509 | Lair:1   | Killed a six-headed hydra
  8510 | Lair:1   | Reached skill level 5 in Fighting
  8510 | Lair:1   | Reached skill level 15 in Maces & Flails
  8780 | Lair:1   | Noticed Harold
  8793 | Lair:1   | Killed Harold
  8826 | Lair:1   | Noticed Newt's ghost (journeyman HuBr)
  8827 | Lair:1   | Found a transporter.
  9002 | Lair:1   | Found a transporter.
  9220 | Lair:1   | Reached skill level 16 in Maces & Flails
  9847 | Lair:1   | Killed Newt's ghost
  9848 | Lair:1   | Gained mutation: You are robust. (+10% HP) [demonic
                  | ancestry]
  9848 | Lair:1   | Reached XP level 12. HP: 69/101 MP: 12/12
 10503 | Lair:2   | Found a transporter.
 10505 | Lair:2   | Found a transporter.
 10541 | Lair:2   | Noticed Pegaph's ghost (journeyman PaAM)
 10544 | Lair:2   | Found a staircase to the Shoals.
 10569 | Lair:2   | Found a bloodstained altar of Trog.
 10899 | Lair:2   | Reached skill level 5 in Armour
 10907 | Lair:2   | HP: 5/154 [Pegaph's ghost/Olgreb's Toxic Radiance (5)]
 10910 | Lair:2   | Killed from afar by Pegaph's ghost

Illustrated notes

Levels and vault maps discovered:
D:1:      onia_arrival_handbag, layout_basic
D:2:      layout_loops_ring, serial_shops, nicolae_shop_crystal,
          nicolae_ecumenical_pavilion
D:3:      layout_loops_cross, amethyst_overflow_temple_binary,
          grunt_temple_overflow_open, serial_glass, glass_columns_a,
          glass_columns_a, kennysheep_crisscross, uniq_ijyb
D:4:      layout_gridville, mainiacjoe_overflow_catwalk, serial_shops,
          nicolae_shop_advertising_works [nicolae_subvault_shop_adworks],
          hex_medium, uniq_menkaure, uniq_grinder, uniq_blork_the_orc
D:5:      layout_loops_ring, minmay_temple_entry_sparse_star,
          kennysheep_generic_room_10, uniq_eustachio
D:6:      layout_basic, minmay_stone_trees_small, corexii_corridor_pit,
          minmay_statues_item, lemuel_flame_loot_1, uniq_edmund
D:7:      layout_basic
D:8:      layout_cave_pools, tgw_kikubaaqudgha, uniq_amaemon
D:9:      layout_roguey [special_room_bee], lair_entry_dummy, uniq_pikel
Temple:   nicolae_temple_bog_church
Lair:1:   cheibrodos_lair_river_kwai, layout_layer_cave, gammafunk_ghost_arena,
          st_stairs_7, beast_lair_carwin_1, uniq_harold
Lair:2:   layout_gridlike, shoals_dummy_entry,
          gammafunk_ghost_wrathful_warriors, st_stairs_12,
          nicolae_quartered_pool_medium, grunt_megastairs_5

Skill      XL: |  1  2  3  4  5  6  7  8  9 10 11 12 |
---------------+-------------------------------------+-----
Maces & Flails | 3 4 6 7 8 10 12 14 16 | 16.3
Evocations     | 1 |  1.0
Stealth        | 1 |  1.0
Armour         | 1 2 4 5 |  5.2
Throwing       | 2 |  2.0
Dodging        | 3 |  3.0
Fighting       | 4 7 8 |  8.4

Action                   |  1- 3 |  4- 6 |  7- 9 | 10-12 || total
-------------------------+-------+-------+-------+-------++-------
Melee: Flail             |    76 |    87 |   171 |   135 ||   469
       Kick              |       |    26 |    52 |    91 ||   169
       Punch             |       |     2 |     7 |     1 ||    10
       Short sword       |       |       |    13 |       ||    13
       Demon whip        |       |       |       |   188 ||   188
Throw: Dart              |       |     5 |     7 |       ||    12
Evoke: Wand              |       |       |       |     5 ||     5
  Use: Scroll            |     3 |     4 |     9 |     3 ||    19
       Potion            |     1 |     3 |     7 |     3 ||    14
 Stab: Sleeping          |     1 |       |       |       ||     1
       Invisible         |       |       |       |    11 ||    11
Armor: Leather armour    |     7 |       |       |       ||     7
       Chain mail        |    36 |    47 |   110 |   150 ||   343
Dodge: Dodged            |    43 |    34 |   101 |   158 ||   336

Table legend: (Time is in decaauts)
 A = Elapsed time spent in this place.
 B = Non-inter-level travel time spent in this place.
 C = Inter-level travel time spent in this place.
 D = Time resting spent in this place.
 E = Time spent auto-exploring this place.
 F = Levels seen in this place.
 G = Mean time per level.
                   A        B        C        D        E       F      G
               +--------+--------+--------+--------+--------+-----+--------+
         Total |  10814 |   9213 |   1601 |    591 |   6493 |  12 |  901.2 |
       Dungeon |   8106 |   6728 |   1378 |    496 |   4494 |   9 |  900.7 |
        Temple |    197 |    172 |     25 |      0 |    164 |   1 |  197.0 |
          Lair |   2511 |   2314 |    197 |     95 |   1835 |   2 | 1255.5 |
               +--------+--------+--------+--------+--------+-----+--------+

Top non-repeatable levels by time:
  Lair:1: 1622 daAuts
     D:1: 1236 daAuts
     D:6: 1143 daAuts
     D:2: 1006 daAuts
     D:4: 894 daAuts
  Lair:2: 888 daAuts
     D:3: 860 daAuts
     D:7: 827 daAuts
     D:5: 820 daAuts
     D:9: 738 daAuts
     D:8: 579 daAuts
  Temple: 197 daAuts
